 Dungeon Crawl Stone Soup version 0.31.0-32-g396128a36d (webtiles) character file.

Game seed: 625845504993973539

14 Tacobop the Ruffian (level 2, 0/26 HPs)
             Began as a Ghoul Chaos Knight on Feb 14, 2024.
             Was a Plaything of Xom.
             Slain by a goblin
             ... wielding a +0 club
              (1 damage)
             ... on level 1 of the Dungeon on Apr 9, 2024.
             The game lasted 00:07:07 (387 turns).

Tacobop the Ruffian (Ghoul Chaos Knight)             Turns: 387, Time: 00:07:08

Health: 0/26       AC:  2    Str: 15    XL:     2   Next: 41%
Magic:  2/2        EV: 11    Int: 11    God:    Xom [....*.]
Gold:   0          SH:  0    Dex:  8    Spells: 1/1 levels left

rFire   . . .        b - staff of cold
rCold   + + .        (no shield)
rNeg    + + +        c - +0 robe
rPois   ∞            (no helmet)
rElec   .            (no cloak)
rCorr   .            (no gloves)
SInv    .            (no boots)
Will    .....        (no amulet)
Stlth   +            (no ring)
HPRegen 0.00/turn    (no ring)
MPRegen 0.08/turn

%: no passive effects
@: inhibited regen
A: claws 1, cold resistance 1, negative energy resistance 3, inhibited
regeneration, torment resistance 2, devour on kill
a: Renounce Religion


You were on level 1 of the Dungeon.
You worshipped Xom.
You were a beloved toy of Xom.
You visited 1 branch of the dungeon, and saw 1 of its levels.

Inventory:

Hand Weapons
 e - a +0 club
Armour
 a - a +2 leather armour
 c - a +0 robe (worn)
Magical Staves
 b - a staff of cold (weapon)
Scrolls
 d - a scroll of poison {unknown}


   Skills:
 + Level 3.4 Fighting
 + Level 0.1 Staves
 + Level 1.7 Armour
 + Level 0.8 Dodging
 + Level 4.0 Unarmed Combat


You had one spell level left.
You didn't know any spells.
Your spell library was empty.

Dungeon Overview and Level Annotations

Branches:
Dungeon (1/15)

Altars:


Innate Abilities, Weirdness & Mutations

You are immune to poison.
You have sharp fingernails.
Your flesh is cold resistant. (rC+)
You are immune to negative energy. (rN+++)
You do not regenerate when monsters are visible.
You are immune to unholy pain and torment.
You thrive by killing the living.


Message History

You kill the goblin!
Your Unarmed Combat skill increases to level 4!
The kobold hits you with a +0 dagger.
You barely miss the kobold. The kobold hits you with a +0 dagger.
You hit the kobold but do no damage. The kobold hits you with a +0 dagger.
You emit a cloud of colourful smoke!
You miss the kobold. The kobold closely misses you.
The kobold hits you with a +0 dagger.
You completely miss the kobold. The kobold hits you with a +0 dagger.
You barely miss the kobold. The kobold hits you with a +0 dagger.
* * * LOW HITPOINT WARNING * * *
You hit the kobold but do no damage. The kobold hits you with a +0 dagger.
* * * LOW HITPOINT WARNING * * *
The kobold throws a stone.
The stone hits you but does no damage.
The kobold throws a stone.
The stone hits you but does no damage.
The kobold throws a stone.
The stone misses you. "Hum-dee-hum-dee-hum..."
The kobold suddenly seems more agile.
You are now Xom's teddy bear.
The kobold throws a stone.
The stone closely misses you.
A kobold is nearby!
The kobold throws a stone.
The stone barely misses you.
The kobold throws a stone.
The stone barely misses you.
You start resting.
A kobold is nearby!
A goblin comes into view. It is wielding a +0 club.
You are now a beloved toy of Xom.
The kobold throws a stone.
The stone misses you. The kobold closely misses you.
You miss the kobold. Your claw misses the kobold.
The kobold closely misses you.
You barely miss the kobold. The kobold hits you with a +0 dagger.
* * * LOW HITPOINT WARNING * * *
The goblin barely misses you.
The kobold throws a stone.
The stone closely misses you. The goblin attacks as it pursues you!
The goblin hits you but does no damage.
A goblin is nearby!
The goblin hits you with a +0 club.
You die... "What!?
That's it?"

#.#..##.###...#.#.)##.#
...........>#........##.#
#.#.#..##.......##...##.##
#.#.#..##...#...##.......#
.......................#
...........##........#.##
#.#.#.........K####...#.#####
...............g............#
#..######...@.....#.###.# ...
######......###.#
.....##........## ###
##.........##...# ..
............#.).# ..
...#.##.........#### .###########
.................... .#....<....#
...............###.
.#.........#..#.#.##...###.#.###.


You could see a goblin and a kobold.

Vanquished Creatures
  2 endoplasms (D:1)
  A giant cockroach (D:1)
  2 goblins (D:1)
  2 hobgoblins (D:1)
  3 bats (D:1)
  2 kobolds (D:1)
  A rat (D:1)
13 creatures vanquished.

Notes
Turn   | Place    | Note
-------+----------+-------------------------------------------
     0 | D:1      | Tacobop the Ghoul Chaos Knight began the quest for the Orb.
     0 | D:1      | Reached XP level 1. HP: 19/19 MP: 1/1
   126 | D:1      | XOM: potion effect (heal wounds)
   152 | D:1      | Upgraded the game from 0.31.0-12-g77e489cdc1 to
                  | 0.31.0-32-g396128a36d
   173 | D:1      | Reached XP level 2. HP: 24/26 MP: 2/2
   330 | D:1      | Reached skill level 4 in Unarmed Combat
   332 | D:1      | XOM: smoke on damage
   344 | D:1      | XOM: enchant monster (bad)
   366 | D:1      | HP: 1/26 [kobold/+0 dagger (3)]
   387 | D:1      | Slain by a goblin

Illustrated notes

Levels and vault maps discovered:
D:1:      shiori_arrival_oz, layout_basic, chequers_ecumenical_altar_grove

Skill      XL: |  1  2 |
---------------+-------+-----
Unarmed Combat | 4 |  4.0
Fighting       | |  3.4
Staves         | |  0.1
Armour         | |  1.7
Dodging        | |  0.8

Action                     || total
---------------------------++-------
  Melee: Unarmed           ||    15
         Staff             ||    38
    Use: Scroll            ||     1
 Armour: Robe              ||    44
  Dodge: Dodged            ||    40
